 Dungeon Crawl Stone Soup version 0.26.1 (webtiles) character file.

Game seed: 4067510160829123494

64 teolandon225 the Sneak (level 3, -1/16 HPs)
             Began as a Spriggan Enchanter on Feb 6, 2021.
             Slain by an adder (3 damage)
             ... on level 2 of the Dungeon.
             The game lasted 00:02:24 (1206 turns).

teolandon225 the Sneak (Spriggan Enchanter)         Turns: 1206, Time: 00:02:25

Health: -1/16      AC:  3    Str:  4    XL:     3   Next: 91%
Magic:  8/8        EV: 19    Int: 19    God:
Gold:   60         SH:  0    Dex: 16    Spells: 1/7 levels left

rFire    . . .     SeeInvis +   a - +1 dagger
rCold    . . .     Faith    .   (shield restricted)
rNeg     . . .     Spirit   .   b - +1 robe
rPois    .         Reflect  .   (helmet restricted)
rElec    .         Harm     .   (no cloak)
rCorr    .         Rampage  .   (gloves unavailable)
Will     .....                  (boots unavailable)
Stlth    +++.......             (no amulet)
HPRegen  0.05/turn              (no ring)
MPRegen  0.11/turn              (no ring)

@: lethally poisoned (-1 -> -12), attractive, very quick
A: very small, unfitting armour, hooves 1, see invisible, clever 1, speed 3
a: no special abilities


You were on level 2 of the Dungeon.
You visited 1 branch of the dungeon, and saw 2 of its levels.

You collected 60 gold pieces.

Inventory:

Hand Weapons
 a - a +1 dagger (weapon)
Armour
 b - a +1 robe (worn)
Scrolls
 c - a scroll of remove curse
 d - a scroll of teleportation
 g - a scroll of enchant armour
Potions
 j - a potion of attraction


   Skills:
 - Level 1.1 Short Blades
 + Level 3.9 Dodging
 * Level 5.8 Stealth
 - Level 2.6 Spellcasting
 * Level 4.6 Hexes


You had one spell level left.
You knew the following spells:

 Your Spells              Type           Power        Failure   Level
q - Ensorcelled Hibernat  Hex/Ice        22%          10%         2
r - Corona                Hex            22%          2%          1
w - Confusing Touch       Hex            20%          7%          3

Your spell library contained the following spells:

 Spells                   Type           Power        Failure   Level
 Tukima's Dance           Hex            20%          7%          3
 Dazzling Flash           Conj/Hex       22%          19%         3


Dungeon Overview and Level Annotations

Branches:
Dungeon (2/15)

Altars:


Innate Abilities, Weirdness & Mutations

You are very small and have problems with some larger weapons.
You are too small for most types of armour.
You have supernaturally acute eyesight. (SInv)
You cover ground extremely quickly.
You have large cloven feet.
Your mind is acute. (Int +2)


Message History

It was a potion of magic.
Magic courses through your body.
You feel sick. The adder bites you but does no damage.
The adder hisses angrily.
Okay, then.
Unknown command.
As you read the scroll labelled LEL OZIAXETIE, it crumbles to dust.
It is a scroll of identify.
c - a scroll of remove curse
* * * LOW HITPOINT WARNING * * *
You feel sick. The adder misses you. The adder bites you but does no damage.
The adder bites you.
* * * LOW HITPOINT WARNING * * *
As you read the scroll labelled NYCZUO TURROF, it crumbles to dust.
It is a scroll of amnesia.
Forget Corona, freeing 1 spell level for a total of 2?
Really abort (and waste the scroll)?
Okay, then.
* * * LOW HITPOINT WARNING * * *
You feel sick. The adder bites you.
You die...

...(......##.#####......
..........##............
......................#.
.......................
......................
#####....##............
#......?..#.#####...#..
+.....S...'.# #...#..
#....S@...#.# #...# #
###########.# ...# #.#
..# #.# #.# #.. #.#


You could see 2 adders.

Vanquished Creatures
  Natasha (D:2)
  A gnoll (D:1)
  An adder (D:2)
  A worm (D:2)
  4 bats
  4 hobgoblins (D:1)
  4 goblins
  4 rats
20 creatures vanquished.

Notes
Turn   | Place    | Note
-------+----------+-------------------------------------------
     0 | D:1      | teolandon225 the Spriggan Enchanter began the quest for the
                  | Orb.
     0 | D:1      | Reached XP level 1. HP: 9/9 MP: 5/5
   362 | D:1      | Reached XP level 2. HP: 13/13 MP: 4/6
   375 | D:1      | Learned a level 2 spell: Ensorcelled Hibernation
   462 | D:1      | Reached skill level 5 in Stealth
   965 | D:2      | Noticed Natasha
   977 | D:2      | Killed Natasha
   978 | D:2      | Reached XP level 3. HP: 16/16 MP: 8/8
   982 | D:2      | Learned a level 3 spell: Confusing Touch
  1203 | D:2      | Gained mutation: You have large cloven feet. [potion of
                  | mutation]
  1203 | D:2      | Gained mutation: Your mind is acute. (Int +2) [potion of
                  | mutation]
  1206 | D:2      | Slain by an adder

Illustrated notes

Levels and vault maps discovered:
D:1:      minmay_arrival_jagged, layout_rooms
D:2:      layout_basic, uniq_natasha

Skill      XL: |  1  2 |
---------------+-------+-----
Stealth        | 5 |  5.8
Hexes          | 4 |  4.6
Short Blades   | |  1.1
Dodging        | |  3.9
Spellcasting   | |  2.6

Action                   || total
-------------------------++-------
Melee: Dagger            ||    41
 Cast: Corona            ||     5
       Ensorcelled Hiber ||     9
  Use: Scroll            ||     4
       Potion            ||     3
 Stab: Sleeping          ||    13
Armor: Robe              ||     6
Dodge: Dodged            ||    21
